 Dungeon Crawl Stone Soup version 0.25-a0-488-g03579ab4a3 (webtiles) character file.

Game seed: 7353281419000254814, levelgen mode: deterministic

273 Error4North the Chopper (level 6, -6/52 HPs)
             Began as a Hill Orc Fighter on Feb 11, 2020.
             Mangled by an ogre
             ... wielding a +0 giant club
              (8 damage)
             ... on level 4 of the Dungeon.
             The game lasted 00:10:02 (3043 turns).

Error4North the Chopper (Hill Orc Fighter)          Turns: 3043, Time: 00:10:02

Health: -6/52      AC: 10    Str: 20    XL:     6   Next: 24%
Magic:  8/8        EV:  8    Int:  8    God:
Gold:   201        SH:  9    Dex: 11    Spells: 8/8 levels left

rFire    . . .     SeeInvis .   a - +1 war axe
rCold    . . .     Gourm    .   c - +0 kite shield
rNeg     . . .     Faith    .   b - +0 scale mail
rPois    .         Spirit   .   w - +0 helmet
rElec    .         Reflect  .   g - +0 cloak
rCorr    .         Harm     .   l - +0 pair of gloves
MR       .....                  (no boots)
Stlth    ..........             (no amulet)
HPRegen  0.17/turn              (no ring)
MPRegen  0.11/turn              (no ring)

@: no status effects
A: no striking features
a: no special abilities


You were on level 4 of the Dungeon.
You were hungry.

You visited 1 branch of the dungeon, and saw 4 of its levels.

You collected 201 gold pieces.

Inventory:

Hand Weapons
 a - a +1 war axe (weapon)
Armour
 b - a +0 scale mail (worn)
 c - a +0 kite shield (worn)
 g - a +0 cloak (worn)
 l - a +0 pair of gloves (worn)
 w - a +0 helmet (worn)
Jewellery
 n - an uncursed ring of ice {unknown}
 s - an uncursed amulet of magic regeneration {unknown}
 y - an uncursed ring of poison resistance {unknown}
Wands
 x - a wand of paralysis (14)
Scrolls
 k - a scroll of random uselessness {unknown}
 m - 5 scrolls of magic mapping
 o - a scroll of immolation {unknown}
 p - 3 scrolls of enchant weapon
 r - a scroll of teleportation {unknown}
 t - a scroll of identify {unknown}
 u - 2 scrolls of remove curse {unknown}
Potions
 d - a potion of might
 e - 2 potions of heal wounds {unknown}
 h - 3 potions of curing {unknown}
 i - 3 potions of lignification {unknown}
 j - 2 potions of flight {unknown}
 q - 2 potions of agility {unknown}
 v - a potion of brilliance {unknown}
Comestibles
 f - 9 rations


   Skills:
 + Level 3.9 Fighting
 + Level 4.7 Axes
 * Level 4.2 Armour
 + Level 1.3 Dodging
 * Level 4.7 Shields
 * Level 1.5 Spellcasting


You had 8 spell levels left.
You didn't know any spells.
Your spell library was empty.

Dungeon Overview and Level Annotations

Branches:
Dungeon (4/15)
 Temple: D:4-7

Altars:
Cheibriados
Dithmenos
Fedhas
Kikubaaqudgha
Uskayaw


Message History

You hit the ogre.
The ogre is moderately wounded.
The ogre hits you with a +0 giant club!
You hit the ogre.
The ogre is moderately wounded.
The ogre hits you with a +0 giant club! You block the ogre's attack.
Your shield and scale mail prevent you from hitting the ogre.
The ogre is moderately wounded.
The ogre closely misses you.
You barely miss the ogre.
The ogre is moderately wounded.
You block the ogre's attack.
You barely miss the ogre.
The ogre is moderately wounded.
The ogre hits you with a +0 giant club!!
* * * LOW HITPOINT WARNING * * *
You slash the ogre!
The ogre is severely wounded.
The ogre hits you with a +0 giant club!
You die...

....##.#
#.#
....##.#
#.#
######.#
#.# .# #.#
#.# #.#
#.#
..######.#
......O@.#
##########


You could see an ogre.

Vanquished Creatures
  An orc priest (D:3)
  An orc wizard (D:3)
  2 worker ants (D:4)
  6 adders
  2 worms
  4 dart slugs
  4 leopard geckos
  9 orcs
  A ball python (D:2)
  6 giant cockroaches
  9 goblins
  7 hobgoblins
  8 jackals
  2 quokkas
  9 bats
  4 frilled lizards
  12 kobolds
  A quokka skeleton (D:4)
  3 rats (D:1)
91 creatures vanquished.

Notes
Turn   | Place    | Note
-------+----------+-------------------------------------------
     0 | D:1      | Error4North the Hill Orc Fighter began the quest for the
                  | Orb.
     0 | D:1      | Reached XP level 1. HP: 19/19 MP: 1/1
   156 | D:1      | Reached XP level 2. HP: 23/26 MP: 3/3
   685 | D:1      | Reached XP level 3. HP: 31/31 MP: 4/4
   791 | D:2      | Found a hide-covered altar of Uskayaw.
   865 | D:2      | Reached skill level 1 in Spellcasting
   950 | D:2      | Reached XP level 4. HP: 40/40 MP: 5/5
  1261 | D:2      | Found a snail-covered altar of Cheibriados.
  1346 | D:2      | Reached XP level 5. HP: 28/46 MP: 7/7
  1560 | D:2      | Found an ancient bone altar of Kikubaaqudgha.
  1560 | D:2      | Found a blossoming altar of Fedhas.
  1752 | D:3      | Found a shadowy altar of Dithmenos.
  1758 | D:3      | Reached skill level 1 in Dodging
  2689 | D:4      | Reached XP level 6. HP: 48/52 MP: 8/8
  3042 | D:4      | HP: 2/52 [ogre/+0 giant club (18)]
  3043 | D:4      | Mangled by an ogre

Levels and vault maps discovered:
D:1:      dpeg_arrival_houses_and_road, layout_loops_ring,
          minmay_split_cup_large
D:2:      kb_forest_paths, layout_rooms, grunt_temple_overflow_growth_and_decay,
          kennysheep_slug_shrine, old_standard_altar, first_ration
D:3:      layout_basic, nicolae_dithmenos_through_a_glass_darkly,
          chequers_big_river
D:4:      layout_basic

Skill      XL: |  1  2  3  4  5  6 |
---------------+-------------------+-----
Axes           | 3 4 |  4.7
Spellcasting   | 1 |  1.5
Shields        | 4 |  4.7
Dodging        | 1 |  1.3
Armour         | 4 |  4.2
Fighting       | |  3.9

Action                   |  1- 3 |  4- 6 || total
-------------------------+-------+-------++-------
Melee: War axe           |   131 |   206 ||   337
  Use: Scroll            |       |     2 ||     2
  Eat: Chunk             |       |     7 ||     7
Armor: Scale mail        |    93 |    82 ||   175
Dodge: Dodged            |    56 |    54 ||   110
Block: Kite shield       |    65 |   112 ||   177

Table legend:
 A = Non-vault XP
 B = Vault XP
 C = Vault XP percentage of total XP
 D = Non-vault monster count
 E = Vault monster count
 F = Vault count percentage of total count
                 A         B        C        D         E       F
            +---------+---------+-------+---------+---------+-------
      Total |     346 |      45 |  11.5 |      80 |      11 |  12.1
            +---------+---------+-------+---------+---------+-------
        D:1 |      37 |       9 |  19.6 |      21 |       4 |  16.0
        D:2 |      97 |      36 |  27.1 |      29 |       7 |  19.4
        D:3 |     138 |       0 |   0.0 |      24 |       0 |   0.0
        D:4 |      74 |       0 |   0.0 |       6 |       0 |   0.0
            +---------+---------+-------+---------+---------+-------
